 Dungeon Crawl Stone Soup version 0.20-a0-792-g09bcfd3 (webtiles) character file.

396 winWinterter the Chopper (level 6, 0/47 HPs)
             Began as a Demonspawn Gladiator on Feb 28, 2017.
             Succumbed to a big kobold's poison
             ... on level 3 of the Dungeon.
             The game lasted 00:08:03 (2879 turns).

winWinterter the Chopper (Demonspawn Gladiator)     Turns: 2879, Time: 00:08:05

Health: 0/47       AC:  4    Str: 15      XL:     6   Next: 52%
Magic:  4/6        EV: 13    Int:  8 (9)  God:
Gold:   129        SH:  0    Dex: 15 (16) Spells: 5/5 levels left

rFire    . . .     SeeInvis .   a - +0 war axe
rCold    . . .     Gourm    .   b - +0 leather armour
rNeg     . . .     Faith    .   (no shield)
rPois    .         Spirit   +   c - +0 helmet
rElec    .         Reflect  .   (no cloak)
rCorr    .         Harm     .   (no gloves)
MR       .....                  (no boots)
Stlth    +.........             m - amulet of regeneration
Regen    0.6/turn               (no ring)
MPRegen  0.1/turn               (no ring)

@: lethally poisoned (0 -> -4)
A: hooves 1, demonic guardian 1, magic shield
a: no special abilities


You were on level 3 of the Dungeon.
You were not hungry.

You visited 1 branch of the dungeon, and saw 3 of its levels.

You collected 129 gold pieces.

Inventory:

Hand Weapons
 a - a +0 war axe (weapon)
 t - a +0 club
Missiles
 d - 3 throwing nets (quivered)
Armour
 b - a +0 leather armour (worn)
 c - a +0 helmet (worn)
Jewellery
 m - an amulet of regeneration (around neck)
Scrolls
 e - 3 scrolls of identify {unknown}
 g - 4 scrolls of remove curse {unknown}
 l - a scroll of enchant armour {unknown}
 n - a scroll of amnesia {unknown}
 q - a scroll of immolation {unknown}
 r - a scroll of fog {unknown}
 u - a scroll of magic mapping {unknown}
Books
 o - a book of Frost

   Spells                             Type                      Level
   a - Freeze                         Ice                          1
   b - Throw Frost                    Conjuration/Ice              2
   c - Ozocubu's Armour               Charms/Ice                   3
   d - Throw Icicle                   Conjuration/Ice              4
   e - Summon Ice Beast               Ice/Summoning                4
Comestibles
 f - 6 bread rations
 h - 2 royal jellies
 k - 2 meat rations


   Skills:
 + Level 3.3 Fighting
 + Level 5.1 Axes
 - Level 1.7 Throwing
 + Level 2.0 Armour
 + Level 3.8 Dodging
 + Level 0.4 Stealth


You had 5 spell levels left.
You didn't know any spells.

Dungeon Overview and Level Annotations

Branches:
Dungeon (3/15)

Altars:
Ashenzari
Ru


Innate Abilities, Weirdness & Mutations

You have large cloven feet.
A weak demonic guardian rushes to your aid.
When hurt, damage is shared between your health and your magic reserves.


Message History

The goblin hits you but does no damage.
You closely miss the goblin.
The goblin shouts!
You kick the goblin, but do no damage. You slash the goblin!
You kill the goblin!
* * * LOW HITPOINT WARNING * * *
You feel sick. The goblin barely misses you.
Unknown command.
You closely miss the goblin. Your kick misses the goblin.
You hit the goblin but do no damage. You hit the hobgoblin but do no damage.
* * * LOW HITPOINT WARNING * * *
You feel sick. The hobgoblin hits you with a club.
* * * LOW HITPOINT WARNING * * *
The goblin misses you. The goblin hits you with a club.
* * * LOW HITPOINT WARNING * * *
You closely miss the goblin. You hit the hobgoblin.
You kill the hobgoblin!
You hit the goblin.
You kill the goblin!
You die...

########## ##### ....#(...# ....#
)...#....# ......
#####....#########......
...#......#......)......
...'......'.....@ggg$...
...#.((...#......)g.....
#####..).#########......
....#.().# ...... ....#....#
....#
######''#########################
≈≈≈≈≈.....≈≈≈≈≈≈≈≈≈≈≈≈≈≈≈≈≈≈≈≈≈≈≈
≈≈≈≈≈.....≈≈≈≈≈≈≈≈≈≈≈≈≈≈≈≈≈≈≈≈≈≈≈
≈≈≈≈..(...≈≈≈≈≈≈≈≈≈≈≈≈≈≈≈≈≈≈≈≈≈≈≈


You could see 4 goblins.

Vanquished Creatures
  A big kobold (D:3)
  6 gnolls (D:3)
  3 adders
  2 worms (D:2)
  3 leopard geckos
  An orc (D:3)
  7 bats
  3 giant cockroaches
  24 goblins
  11 hobgoblins (D:3)
  4 jackals (D:1)
  3 quokkas (D:2)
  3 frilled lizards
  8 kobolds
  3 rats (D:3)
82 creatures vanquished.

Vanquished Creatures (collateral kills)
  2 big kobolds (D:3)
  Ijyb (D:2)
  Natasha (D:2)
  A kobold (D:3)
5 creatures vanquished.

Grand Total: 87 creatures vanquished

Notes
Turn   | Place    | Note
-------+----------+-------------------------------------------
     0 | D:1      | winWinterter the Demonspawn Gladiator began the quest for the Orb.
     0 | D:1      | Reached XP level 1. HP: 16/16 MP: 1/1
   174 | D:1      | Gained mutation: A weak demonic guardian rushes to your aid. [demonic ancestry]
   174 | D:1      | Reached XP level 2. HP: 20/22 MP: 2/2
   834 | D:2      | Found a shattered altar of Ashenzari.
   861 | D:2      | Reached skill level 3 in Axes
   963 | D:2      | Reached XP level 3. HP: 26/27 MP: 3/3
  1108 | D:2      | Noticed Ijyb
  1114 | D:2      | Killed Ijyb
  1296 | D:2      | Found a sacrificial altar of Ru.
  1360 | D:2      | Reached XP level 4. HP: 34/34 MP: 4/4
  1709 | D:3      | Reached skill level 1 in Armour
  2089 | D:3      | Gained mutation: You have large cloven feet. [demonic ancestry]
  2089 | D:3      | Reached XP level 5. HP: 26/40 MP: 5/5
  2096 | D:3      | Reached skill level 4 in Axes
  2638 | D:2      | Noticed Natasha
  2646 | D:2      | Killed Natasha
  2690 | D:3      | Gained mutation: When hurt, damage is shared between your health and your magic reserves. [demonic ancestry]
  2690 | D:3      | Reached XP level 6. HP: 44/47 MP: 6/6
  2791 | D:3      | Reached skill level 5 in Axes
  2878 | D:3      | HP: 2/47 [goblin/club (1)]
  2879 | D:3      | Succumbed to a big kobold's poison

Vault maps used:
D:1:      minmay_arrival_hallway
D:2:      nicolae_overflow_hidden_temple, nicolae_overflow_crystal_walls,
          first_bread, uniq_iyjb, uniq_natasha
D:3:      minmay_goblin_kobold_castle

Skill      XL: |  1  2  3  4  5  6 |
---------------+-------------------+-----
Dodging        | 3 |  3.8
Axes           | 3 4 5 |  5.1
Armour         | 1 2 |  2.0
Fighting       | 3 |  3.3
Throwing       | |  1.7
Stealth        | |  0.4

Action                   |  1- 3 |  4- 6 || total
-------------------------+-------+-------++-------
Melee: War axe           |    90 |   161 ||   251
       Kick              |       |    30 ||    30
  Use: Potion            |       |     4 ||     4
 Stab: Sleeping          |     2 |     1 ||     3
       Distracted        |       |     1 ||     1
  Eat: Chunk             |     1 |     6 ||     7
Armor: Leather armour    |    25 |    33 ||    58
Dodge: Dodged            |    79 |   150 ||   229
